 Dungeon Crawl Stone Soup version 0.28.0-53-g5a82cb258f (webtiles) character file.

Game seed: 5856717874739289694

568 styxcanada the Covert (level 7, -8/33 (35) HPs)
             Began as a Spriggan Brigand on July 19, 2022.
             Mangled by a wight
             ... wielding a +5 short sword
              (13 damage)
             ... on level 4 of the Dungeon.
             The game lasted 00:15:34 (4366 turns).

styxcanada the Covert (Spriggan Brigand)            Turns: 4366, Time: 00:15:36

HP:   -8/33 (35)    AC: 10    Str:  7    XL:     7   Next: 11%
MP:   12/12         EV: 18    Int: 12    God:
Gold: 174           SH:  0    Dex: 19    Spells: 8/11 levels left

rFire   . . .      SeeInvis +   l - +3 short sword (protect)
rCold   . . .      Faith    .   (no shield)
rNeg    . . .      Spirit   .   b - +0 robe
rPois   .          Reflect  .   (helmet restricted)
rElec   .          Harm     .   c - +0 cloak
rCorr   .          Rampage  .   (gloves unavailable)
Will    +....                   (boots unavailable)
Stlth   ++++......              s - amulet of the acrobat
HPRegen 0.11/turn               (no ring)
MPRegen 0.13/turn               (no ring)

@: under a protective aura, drained, very quick
A: very small, no large weapons, unfitting armour, see invisible, speed 3
a: no special abilities


You were on level 4 of the Dungeon.
You visited 1 branch of the dungeon, and saw 4 of its levels.

You collected 174 gold pieces.

Inventory:

Hand Weapons
 a - a +2 dagger
 g - a +2 quarterstaff of chaos
 l - a +3 short sword of protection (weapon)
 p - a +1 dagger of protection
Missiles
 i - 2 curare-tipped darts
 k - 101 stones
 o - 8 poisoned darts (quivered)
 q - 2 throwing nets
 u - 26 sling bullets
Armour
 b - a +0 robe (worn)
 c - a +0 cloak (worn)
Jewellery
 s - an amulet of the acrobat (around neck)
Scrolls
 f - 3 scrolls of teleportation
Potions
 d - a potion of ambrosia
 e - a potion of mutation {unknown}
 h - a potion of heal wounds {unknown}
 j - a potion of curing {unknown}
 m - a potion of attraction {unknown}
 n - 2 potions of haste {unknown}
 t - a potion of magic {unknown}
 v - a potion of resistance {unknown}


   Skills:
 * Level 2.4 Fighting
 + Level 4.3 Short Blades
 + Level 2.4 Throwing
 * Level 2.9 Dodging
 * Level 9.0 Stealth
 * Level 2.9 Spellcasting
 * Level 1.7 Hexes
 * Level 1.2 Ice Magic


You had 8 spell levels left.
You knew the following spells:

 Your Spells              Type           Power      Damage    Failure   Level
a - Ensorcelled Hibernat  Hex/Ice        10%        N/A       21%         2
b - Foxfire               Conj/Fire      4%         2x1d4     26%         1

Your spell library contained the following spells:

 Spells                   Type           Power      Damage    Failure   Level
 Animate Skeleton         Necr           2%         N/A       26%         1
 Apportation              Tloc           2%         N/A       26%         1
 Summon Small Mammal      Summ           4%         N/A       26%         1
 Passwall                 Tmut/Erth      0%         N/A       36%         2
 Inner Flame              Hex/Fire       3%         N/A       45%         3
 Summon Guardian Golem    Hex/Summ       3%         N/A       45%         3
 Call Canine Familiar     Summ           1%         N/A       58%         3
 Conjure Flame            Conj/Fire      1%         6-21      58%         3
 Swiftness                Air            1%         N/A       58%         3
 Flame Wave               Conj/Fire      1%         2d4       94%         4
 Alistair's Intoxication  Tmut/Pois      0%         N/A       100%        5
 Borgnjor's Vile Clutch   Necr/Erth      0%         N/A       100%        5
 Eringya's Noxious Bog    Tmut/Pois      0%         N/A       100%        6


Dungeon Overview and Level Annotations

Branches:
Dungeon (4/15)
 Temple: D:4-7

Altars:
Vehumet

Shops:
D:1 [   D:2 (


Innate Abilities, Weirdness & Mutations

You are very small and have problems with some larger weapons.
You are too small for most types of armour.
You have supernaturally acute eyesight. (SInv)
You cover ground extremely quickly. (Speed+++)


Message History

You hit the wight.
Your weapon exudes an aura of protection.
The wight is lightly damaged.
The wight barely misses you.
There is an open door here.
You puncture the wight! You punch the wight.
The wight is heavily damaged.
The wight barely misses you.
You hit the wight.
The wight is almost destroyed.
You hit the wight but do no damage.
The wight is almost destroyed.
The wight closely misses you. The wight completely misses you.
You closely miss the wight.
The wight is almost destroyed.
The wight barely misses you. x2
You hit the wight.
You destroy the wight!
The wight misses you. x2
Your Stealth skill increases to level 9!
Cast which spell? (? or * to list)
Okay, then.
There is a stone staircase leading up here.
The wight completely misses you.
You completely miss the wight. You hit the wight but do no damage.
Your weapon exudes an aura of protection.
You hit the wight.
The wight is lightly damaged.
The wight closely misses you. The wight hits you with a +0 scimitar.
The wight hits you with a +5 short sword!
You feel drained.
You hit the wight but do no damage.
The wight is lightly damaged.
The wight barely misses you. The wight hits you with a +0 scimitar.
* * * LOW HITPOINT WARNING * * *
You feel drained.
* * * LOW HITPOINT WARNING * * *
The wight hits you with a +5 short sword!
You die...

###......##....# #.......#
..#......###########.......#
..#......#............######
..#......#............#...#
..#......#............#...#
.##......#.........<..#...#
.##......'............#...#
..'......#............#...#
.##......#.....z@######...#
.#########.....z.#........#
## #......z#....z...#
#.......#.....z..#
#.......#...##..z#
#.......#...##...#
#.......#....+...#
#.......#...##...#
#.......#...##...#


You could see 3 wights.

Vanquished Creatures
  A necrophage (D:4)
  An ogre (D:3)
  A scorpion (D:4)
  2 water moccasin skeletons (D:3)
  A wight (D:4)
  A hound (D:4)
  Crazy Yiuf (D:3)
  A hound skeleton (D:4)
  Robin (D:2)
  2 adders
  2 worms (D:3)
  3 dart slugs
  5 orcs
  6 endoplasms
  6 giant cockroaches
  13 goblins
  7 hobgoblins
  3 jackals (D:2)
  A quokka (D:1)
  7 ball pythons
  5 bats
  3 frilled lizards
  9 kobolds
  5 rats
87 creatures vanquished.

Notes
Turn   | Place    | Note
-------+----------+-------------------------------------------
     0 | D:1      | styxcanada the Spriggan Brigand began the quest for the
                  | Orb.
     0 | D:1      | Reached XP level 1. HP: 10/10 MP: 2/2
    72 | D:1      | Reached skill level 6 in Stealth
   136 | D:1      | Found Soucluo's Antique Armour Boutique.
   406 | D:1      | Reached XP level 2. HP: 14/14 MP: 3/3
  1383 | D:2      | Reached skill level 1 in Spellcasting
  1417 | D:2      | Found a faded altar of an unknown god.
  1463 | D:2      | Found Immutuli's Weapon Shop.
  1487 | D:2      | Reached skill level 7 in Stealth
  1487 | D:2      | Reached XP level 3. HP: 18/18 MP: 4/6
  1680 | D:2      | Noticed Robin
  1750 | D:2      | Killed Robin
  1754 | D:2      | Reached XP level 4. HP: 13/23 MP: 7/7
  2598 | D:3      | Found a radiant altar of Vehumet.
  2871 | D:3      | Reached skill level 8 in Stealth
  2871 | D:3      | Reached XP level 5. HP: 24/26 MP: 7/9
  2874 | D:3      | Learned a level 2 spell: Ensorcelled Hibernation
  3437 | D:3      | Found a runed translucent door.
  3438 | D:3      | Noticed Crazy Yiuf
  3457 | D:3      | Killed Crazy Yiuf
  3589 | D:3      | Noticed an ogre
  3627 | D:3      | Killed an ogre
  3628 | D:3      | Reached skill level 1 in Hexes
  3628 | D:3      | Reached XP level 6. HP: 30/30 MP: 10/10
  3933 | D:4      | Reached skill level 1 in Ice Magic
  4075 | D:4      | Reached XP level 7. HP: 35/35 MP: 12/12
  4151 | D:4      | Learned a level 1 spell: Foxfire
  4335 | D:4      | Reached skill level 9 in Stealth
  4366 | D:4      | Mangled by a wight

Illustrated notes

Levels and vault maps discovered:
D:1:      onia_arrival_pyramid, layout_basic, serial_shops, shop_fountains,
          minmay_misc_feat_doors
D:2:      layout_basic, serial_glass, glass_columns_a, glass_columns_b,
          shapermc_ecumenical_altar_hornbeckon, serial_shops,
          nicolae_shop_bloodbath_and_beyond, uniq_robin
D:3:      layout_loops_corners, vehumet_crystals, uniq_crazy_yiuf_cottage
D:4:      layout_gridville

Skill      XL: |  1  2  3  4  5  6  7 |
---------------+----------------------+-----
Stealth        | 6 7 8 9 |  9.0
Spellcasting   | 1 2 |  2.9
Fighting       | 2 |  2.4
Short Blades   | 3 4 |  4.3
Dodging        | 2 |  2.9
Hexes          | 1 |  1.7
Ice Magic      | 1 |  1.2
Throwing       | |  2.4

Action                   |  1- 3 |  4- 6 |  7- 9 || total
-------------------------+-------+-------+-------++-------
Melee: Dagger            |    34 |       |       ||    34
       Short sword       |    46 |   118 |    14 ||   178
       Punch             |       |       |     1 ||     1
Throw: Dart              |    16 |    12 |       ||    28
       Stone             |       |     1 |       ||     1
  Use: Scroll            |       |     6 |     1 ||     7
 Stab: Sleeping          |    14 |    13 |       ||    27
Armor: Robe              |    17 |    26 |       ||    43
Dodge: Dodged            |    54 |    80 |    17 ||   151
